 Dungeon Crawl Stone Soup version 0.20-a0-223-g066d66b (webtiles) character file.

135 tboon the Chopper (level 4, -6/42 HPs)
             Began as a Minotaur Fighter on Nov 29, 2016.
             Mangled by Sigmund
             ... wielding a +1 scythe of flaming
              (11 damage)
             ... on level 2 of the Dungeon.
             The game lasted 00:04:30 (2212 turns).

tboon the Chopper (Minotaur Fighter)                Turns: 2212, Time: 00:04:31

Health: -6/42      AC:  6    Str: 26    XL:     4   Next: 96%
Magic:  3/3        EV:  7    Int:  5    God:
Gold:   101        SH: 10    Dex: 10    Spells: 3/3 levels left

rFire  . . .     SeeInvis .     a - +0 war axe
rCold  . . .     Gourm    .     b - +0 scale mail
rNeg   . . .     Faith    .     c - +0 shield
rPois  .         Spirit   .     (helmet restricted)
rElec  .         Reflect  .     (no cloak)
rCorr  .         Harm     .     (no gloves)
MR     .....                    (no boots)
Stlth  ..........               (no amulet)
                                (no ring)
                                (no ring)

@: mighty
A: retaliatory headbutt, horns 2
a: no special abilities


You were on level 2 of the Dungeon.
You were not hungry.

You visited 1 branch of the dungeon, and saw 2 of its levels.

You collected 101 gold pieces.

Inventory:

Hand Weapons
 a - a +0 war axe (weapon)
Armour
 b - a +0 scale mail (worn)
 c - a +0 shield (worn)
 o - a +0 pair of gloves
   (You found it on level 2 of the Dungeon)
Scrolls
 e - 2 scrolls of teleportation {unknown}
 g - a scroll of enchant weapon {unknown}
 h - a scroll of recharging {unknown}
 i - 3 scrolls of identify {unknown}
 j - a scroll of noise {unknown}
 l - a scroll of random uselessness {unknown}
Potions
 k - a potion of invisibility {unknown}
 m - a potion of haste {unknown}
 n - a potion of brilliance {unknown}
 q - a potion of flight {unknown}
Comestibles
 f - a bread ration
 p - a chunk of flesh


   Skills:
 + Level 5.0 Fighting
 * Level 5.2 Axes
 - Level 3.6 Armour
 - Level 3.6 Shields


You had 3 spell levels left.
You didn't know any spells.

Dungeon Overview and Level Annotations

Branches:
Dungeon (2/15)

Altars:
Dithmenos
Elyvilon

Annotations:
D:2 Sigmund


Innate Abilities, Weirdness & Mutations

You reflexively headbutt those who attack you in melee.
You have a pair of horns on your head.


Message History

The giant cockroach is almost dead.
The giant cockroach bites you but does no damage. x2
You barely miss the giant cockroach.
The giant cockroach is almost dead.
You block the giant cockroach's attack. x2
You hit the giant cockroach.
You kill the giant cockroach!
No target in view!
You see here a goblin corpse.
You butcher the goblin corpse.
p - 3 chunks of flesh
There is a large open door here.
Things that are here:
a dagger; a goblin corpse You see here a club.
q - a smoky emerald potion You see here 17 poisoned needles.
e - 2 scrolls labeled LINNYUMALO (gained 1)
You see here a scale mail.
Eating one of 3 chunks of flesh.
You start eating one of the 3 chunks of flesh.
This raw flesh tastes terrible.
You see here a club.
There is a large open door here.
You see here a worm corpse.
Things that are here:
a hunting sling; 19 stones A giant cockroach comes into view.
You enter a teleport trap!
The teleport trap disappears.
Your surroundings suddenly seem different.
No target in view!
No target in view!
No target in view!
Things that are here:
a hunting sling; 22 stones; a quarterstaff You open the door.
You see here a runed dagger.
You see here a runed dagger.
There is an open door here.
You see here a stone.
A rat comes into view.
The rat bites you.
You see here a dagger.
You slash the rat!
You kill the rat!
No target in view!
No target in view!
There is a stone staircase leading down here.
There is a stone staircase leading down here.
Found a white marble altar of Elyvilon.
The giant cockroach bites you but does no damage.
You hit the giant cockroach.
Your headbutt misses the giant cockroach.
The giant cockroach is almost dead.
You block the giant cockroach's attack.
You slash the giant cockroach!
You kill the giant cockroach!
No target in view!
No target in view!
You see here a giant cockroach corpse.
You butcher the giant cockroach corpse.
p - 3 chunks of flesh (gained 1) Marking area around Sigmund as unsafe for travelling.
Sigmund the Dreaded comes into view.
He is wielding a scythe of flaming.
Sigmund shouts!
Sigmund casts a spell at you. The puff of flame hits you!
Some of the chunks of flesh in your inventory have rotted away.
You feel very mighty all of a sudden. Sigmund casts a spell at you.
You are confused.
You slash Sigmund! You headbutt Sigmund.
Sigmund is moderately wounded.
Sigmund points at you and mumbles some strange words.
You are more confused.
You miss Sigmund. Your headbutt misses Sigmund.
Sigmund is moderately wounded.
Sigmund screams, "Don't try to resist!"
Sigmund barely misses you.
Sigmund hits you from afar with a scythe of flaming!
Sigmund burns you.
You're too confused to move!
Sigmund barely misses you.
Sigmund mumbles some strange words.
Sigmund flickers and vanishes!
Deactivating autopickup; reactivate with Ctrl-A.
You hear some strange, mumbled words.
Something tries to affect you, but you resist.
Something hits you. Something burns you.
You're too confused to move!
Something hits you. Something burns you. Something hits you.
Something burns you.
You bump into the stone wall.
You feel less confused.
You hear some strange, mumbled words.
Something tries to affect you, but you resist.
Something hits you.
* * * LOW HITPOINT WARNING * * *
Something burns you.
* * * LOW HITPOINT WARNING * * *
Something hits you!
You die...

##.#♣.....♣ #♣.....♣#...####..
#..#♣.....♣#♣......♣#...# ##.
#..#♣...@.♣♣⌠.....♣##...# #.
#..##♣....♣♣._....♣#....# #.
#...#♣....♣♣⌠.....♣#....# #.
#.#.##♣...♣#♣....♣##....# #.
#.#..#♣♣...♣#♣♣♣♣♣#.....#####.
#.##.###♣♣..♣######...........
#......###♣..@.......######...
###......###.........# #...
###.............#########...
###........'###...........
#######..............###
#..............#
#..............###
#.................
#..............(..


There were no monsters in sight!

Vanquished Creatures
  3 adders (D:2)
  3 gnolls (D:2)
  2 oozes (D:1)
  2 worms (D:2)
  A dart slug (D:1)
  A leopard gecko (D:2)
  7 bats
  4 giant cockroaches
  5 goblins (D:2)
  7 hobgoblins
  7 jackals (D:1)
  5 kobolds
  7 frilled lizards
  5 rats
59 creatures vanquished.

Notes
Turn   | Place    | Note
-------+----------+-------------------------------------------
     0 | D:1      | tboon the Minotaur Fighter began the quest for the Orb.
     0 | D:1      | Reached XP level 1. HP: 19/19 MP: 0/0
   176 | D:1      | Reached skill level 3 in Axes
   200 | D:1      | Reached XP level 2. HP: 27/27 MP: 1/1
   228 | D:1      | Reached skill level 4 in Fighting
   663 | D:1      | Reached XP level 3. HP: 33/33 MP: 2/2
   985 | D:1      | Reached skill level 4 in Axes
  1451 | D:2      | Reached XP level 4. HP: 40/41 MP: 3/3
  1589 | D:2      | Reached skill level 5 in Axes
  1847 | D:2      | Found a shadowy altar of Dithmenos.
  1894 | D:2      | Reached skill level 5 in Fighting
  2125 | D:2      | Found a white marble altar of Elyvilon.
  2184 | D:2      | Noticed Sigmund
  2210 | D:2      | HP: 8/42 [something (6)]
  2212 | D:2      | Mangled by Sigmund

Vault maps used:
D:1:      kilobyte_arrival_exit_the_forest, serial_co_window_serial,
          co_window_paths_b, co_window_of_opportunity_a, co_window_corner_a,
          co_window_paths_a, co_window_paths_a, co_window_of_opportunity_a,
          co_window_paths_a, co_window_broadway_c, co_window_broadway_a,
          co_window_corner_b, co_window_broadway_b, co_window_paths_c,
          co_window_broadway_a, co_window_corner_b, co_window_paths_d,
          glass_columns_c, glass_columns_b, glass_columns_a, glass_columns_a,
          corexii_item_surrounded_by_moat
D:2:      kennysheep_ying_yang, lemuel_crystal_altar, kennysheep_generic_room_6,
          uniq_sigmund

Skill      XL: |  1  2  3  4 |
---------------+-------------+-----
Axes           | 3 4 5 |  5.2
Fighting       | 4 5 |  5.0
Armour         | |  3.6
Shields        | |  3.6

Action                   |  1- 3 |  4- 6 || total
-------------------------+-------+-------++-------
Melee: War axe           |    89 |    63 ||   152
       Headbutt          |    15 |    13 ||    28
  Use: Potion            |       |     1 ||     1
  Eat: Chunk             |     2 |     2 ||     4
Armor: Scale mail        |    54 |    21 ||    75
Dodge: Dodged            |    27 |     9 ||    36
Block: Shield            |    52 |    26 ||    78

Vault maps used:
D:1:      kilobyte_arrival_exit_the_forest, serial_co_window_serial,
          co_window_paths_b, co_window_of_opportunity_a, co_window_corner_a,
          co_window_paths_a, co_window_paths_a, co_window_of_opportunity_a,
          co_window_paths_a, co_window_broadway_c, co_window_broadway_a,
          co_window_corner_b, co_window_broadway_b, co_window_paths_c,
          co_window_broadway_a, co_window_corner_b, co_window_paths_d,
          glass_columns_c, glass_columns_b, glass_columns_a, glass_columns_a,
          corexii_item_surrounded_by_moat
D:2:      kennysheep_ying_yang, lemuel_crystal_altar, kennysheep_generic_room_6,
          uniq_sigmund

Table legend:
 A = Turns spent in this place as a percentage of turns spent in the entire game.
 B = Non-inter-level travel turns spent in this place as a percentage of non-inter-level travel turns spent in the entire game.
 C = Inter-level travel turns spent in this place as a percentage of turns spent in this place.
 D = Turns resting spent in this place as a percentage of non-inter-level travel turns spent in this place.
 E = Turns spent auto-exploring this place as a percentage of non-inter-level travel turns spent in this place.
 F = Non-inter-level travel turns spent in this place divided by the number of levels of this place that you've seen.
                   A       B       C       D       E      F
               +-------+-------+-------+-------+-------+----------------------
         Total | 100.0 | 100.0 |   0.2 |   2.8 |  13.1 | 228.5
       Dungeon | 100.0 | 100.0 |   0.2 |   2.8 |  13.1 | 228.5
               +-------+-------+-------+-------+-------+----------------------

Table legend:
 A = Kills in this place as a percentage of kills in entire the game.
 B = Kills by you in this place as a percentage of kills by you in the entire game.
 C = Kills by friends in this place as a percentage of kills by friends in the entire game.
 D = Other kills in this place as a percentage of other kills in the entire game.
 E = Experience gained in this place as a percentage of experience gained in the entire game.
 F = Experience gained in this place divided by the number of levels of this place that you have seen.
                   A       B       C       D       E      F
               +-------+-------+-------+-------+-------+----------------------
         Total | 100.0 | 100.0 |  -nan |  -nan | 100.0 |  96.5
       Dungeon | 100.0 | 100.0 |  -nan |  -nan | 100.0 |  96.5
               +-------+-------+-------+-------+-------+----------------------
